 Dungeon Crawl Stone Soup version 0.29.0-4-gdea44cf6ec (webtiles) character file.

Game seed: 15830729674436858611

27 qw the Chopper (level 3, 0/21 HPs)
             Began as a Tengu Warper on Aug 28, 2022.
             Succumbed to a goblin's poison
             ... on level 1 of the Dungeon.
             The game lasted 00:00:04 (1272 turns).

qw the Chopper (Tengu Warper)                       Turns: 1272, Time: 00:00:04

Health: 0/21       AC:  3    Str: 13    XL:     3   Next: 10%
Magic:  7/7        EV: 12    Int: 13    God:
Gold:   83         SH:  0    Dex: 13    Spells: 6/6 levels left

rFire   . . .      SeeInvis .   a - +0 hand axe
rCold   . . .      Faith    .   (no shield)
rNeg    . . .      Spirit   .   b - +0 leather armour
rPois   .          Reflect  .   (helmet restricted)
rElec   .          Harm     .   (no cloak)
rCorr   .          Rampage  .   (no gloves)
Will    .....                   (boots unavailable)
Stlth   +.........              (no amulet)
HPRegen 0.07/turn               (no ring)
MPRegen 0.10/turn               (no ring)

@: lethally poisoned (0 -> -4)
A: beak, talons 3
a: no special abilities


You were on level 1 of the Dungeon.
You visited 1 branch of the dungeon, and saw 1 of its levels.

You collected 83 gold pieces.


Innate Abilities, Weirdness & Mutations

You have a beak for a mouth.
You have claws for feet.


   Skills:
 - Level 2.0 Fighting
 + Level 3.8 Axes
 - Level 1.0 Throwing
 - Level 1.1 Armour
 - Level 2.1 Dodging
 - Level 2.0 Spellcasting
 - Level 2.4 Translocations


You had 6 spell levels left.
You didn't know any spells.
Your spell library contained the following spells:

 Spells                   Type           Power      Damage    Failure   Level
 Blink                    Tloc           14%        N/A       19%         2
 Gell's Gravitas          Tloc           7%         N/A       36%         3
 Lesser Beckoning         Tloc           7%         N/A       36%         3
 Teleport Other           Tloc           7%         N/A       36%         3
 Manifold Assault         Tloc           7%         N/A       98%         5

Inventory:

Hand Weapons
 a - a +0 hand axe (weapon)
 l - a +0 whip
Armour
 b - a +0 leather armour (worn)
 k - a +0 chain mail
Scrolls
 c - a scroll of blinking
 e - a scroll of enchant armour {unknown}
 g - 2 scrolls of enchant weapon {unknown}
 h - a scroll of noise {unknown}
 j - a scroll of fear {unknown}
Potions
 f - 2 potions of curing {unknown}
 i - a potion of invisibility {unknown}

Dungeon Overview and Level Annotations

Branches:
Dungeon (1/15)

Altars:

Shops:
D:1 [


Message History

1135 ||| DROPPING +0 club.
You drop a +0 club.
A quokka comes into view.
You hit the quokka. Your kick misses the quokka.
The quokka is severely wounded.
The quokka bites you but does no damage.
You barely miss the quokka. Your kick misses the quokka.
The quokka is severely wounded.
The quokka barely misses you.
You barely miss the quokka. You punch the quokka.
You kill the quokka!
Found a leather armour.
Enter note: A rat comes into view.
You hit the rat. Your peck misses the rat. You punch the rat.
You kill the rat!
You see here a +0 leather armour.
A goblin comes into view. It is wielding a +0 dagger of venom.
The goblin shouts!
You hit the goblin but do no damage. Your kick misses the goblin.
The goblin hits you with a +0 dagger of venom.
You are poisoned.
The goblin hits you but does no damage.
You are lethally poisoned!
You closely miss the goblin. You claw the goblin.
You kill the goblin!
You feel very sick.
There is a lethal amount of poison in your body!
You feel very sick.
There is a lethal amount of poison in your body!
You feel very sick.
There is a lethal amount of poison in your body!
You feel sick.
There is a lethal amount of poison in your body!
You feel sick.
There is a lethal amount of poison in your body!
You feel sick.
There is a lethal amount of poison in your body!
You feel sick.
There is a lethal amount of poison in your body!
You die...

# ##.#.#..# #.#.#####.#. # #..#.#
.# #.#.# #...
###.##.###############.#.#####...
....##.................#.........
.......####......#############.#.
..>......................[.....#.
.......####......###############.
.......# #......# #..........
.......# #.....@# #.#########
.....%.# #....).# #.#...#....
.......# #......# #.#.#.####.
.......# #......# #.#........
######## #......# #.#........
#......# #.#..###### #......#
#.#..# #......# #.#..# #.#..#


There were no monsters in sight!

Vanquished Creatures
  2 dart slugs (D:1)
  4 endoplasms (D:1)
  3 goblins (D:1)
  4 jackals (D:1)
  2 quokkas (D:1)
  A ball python (D:1)
  4 rats (D:1)
20 creatures vanquished.

Notes
Turn   | Place    | Note
-------+----------+-------------------------------------------
     0 | D:1      | qw the Tengu Warper began the quest for the Orb.
     0 | D:1      | Reached XP level 1. HP: 12/12 MP: 4/4
     0 | D:1      | 0 ||| qw: Version: 0.1-a-89-g26bdef1
     0 | D:1      | 0 ||| qw: Game counter: 2946
     0 | D:1      | 0 ||| qw: Always use a shield: true
     0 | D:1      | 0 ||| qw: God list: Okawaru
     0 | D:1      | 0 ||| qw: Allow faded altars: false
     0 | D:1      | 0 ||| qw: Do Orc after D:15 true
     0 | D:1      | 0 ||| qw: Do second Lair branch before Depths: true
     0 | D:1      | 0 ||| qw: Lair rune preference: random
     0 | D:1      | 0 ||| qw: Plans: Normal
     0 | D:1      | 0 ||| PLANNING D:1-11
    29 | D:1      | Found Ychelan's Antique Armour Emporium.
    39 | D:1      | 39 ||| SHOPLISTING chain mail (121 gold, have 0).
    39 | D:1      | 39 ||| SHOPLISTING glowing chain mail (202 gold, have 0).
    39 | D:1      | 39 ||| SHOPLISTING pair of gloves (121 gold, have 0).
    39 | D:1      | 39 ||| SHOPLISTING ring mail (108 gold, have 0).
   121 | D:1      | Reached skill level 3 in Axes
   121 | D:1      | Reached XP level 2. HP: 12/17 MP: 6/6
   462 | D:1      | HP: 4/17 [jackal (1)]
   742 | D:1      | 742 ||| Stepping ~*~*~tactically~*~*~ (stealth).
   744 | D:1      | 744 ||| Stepping ~*~*~tactically~*~*~ (stealth).
  1085 | D:1      | Reached XP level 3. HP: 19/21 MP: 7/7
  1135 | D:1      | 1135 ||| DROPPING +0 club.
  1269 | D:1      | HP: 4/21 [poisoned by a goblin]
  1271 | D:1      | HP: 1/21 [poisoned by a goblin]
  1272 | D:1      | Succumbed to a goblin's poison

Levels and vault maps discovered:
D:1:      ncdulo_wetmaze, layout_basic, serial_shops, nicolae_lakefront_shop

Skill      XL: |  1 |
---------------+----+-----
Axes           | 3 |  3.8
Fighting       | |  2.0
Throwing       | |  1.0
Armour         | |  1.1
Dodging        | |  2.1
Spellcasting   | |  2.0
Translocations | |  2.4

Action                   || total
-------------------------++-------
Melee: Hand axe          ||    43
       Kick              ||    12
       Peck              ||     2
       Punch             ||     2
Throw: Boomerang         ||     7
Armor: Leather armour    ||    11
Dodge: Dodged            ||    26

Table legend:
 A = Non-vault XP
 B = Vault XP
 C = Vault XP percentage of total XP
 D = Non-vault monster count
 E = Vault monster count
 F = Vault count percentage of total count
                 A         B        C        D         E       F
            +---------+---------+-------+---------+---------+-------
      Total |      39 |       0 |   0.0 |      20 |       0 |   0.0
            +---------+---------+-------+---------+---------+-------
        D:1 |      39 |       0 |   0.0 |      20 |       0 |   0.0
            +---------+---------+-------+---------+---------+-------
